[Event "Metz op 31th"]
[Site "Metz"]
[Date "2013.04.20"]
[Round "1"]
[White "Maiorov, Nikita"]
[Black "Klek, Hanna Marie"]
[Result "1-0"]
[ECO "D35"]
[WhiteElo "2535"]
[BlackElo "2332"]
[Annotator "Metz Alekhine/Primel,D"]
[PlyCount "75"]
[EventDate "2013.04.20"]
[EventType "swiss"]
[EventRounds "9"]
[EventCountry "FRA"]
[SourceTitle "EXT 2016"]
[Source "ChessBase"]
[SourceDate "2015.10.08"]
[SourceVersion "1"]
[SourceVersionDate "2015.10.08"]
[SourceQuality "1"]
[TimeControl "40/5400:1800+30"]
[WhiteClock "1:30:00"]
[BlackClock "1:30:00"]

1. d4 d5 2. c4 e6 3. Nc3 Be7 4. cxd5 exd5 5. Bf4 Nf6 6. e3 Bf5 7. Nge2 (7. Bd3
Bxd3 8. Qxd3 c6 9. Nge2 Na6 10. O-O Nc7 11. f3 Ne6 12. Bg3 O-O 13. Rad1 Qb6 14.
Bf2 Rad8 15. Rd2 Rd7 16. h3 Qd8 17. Qc2 Nh5 18. Nc1 Bh4 19. Nd3 Bxf2+ 20. Rdxf2
Re7 21. g4 Nf6 22. Rg2 Rfe8 23. Nd1 Nd7 24. f4 Qb6 25. g5 f5 26. gxf6 Nxf6 27.
N1f2 Nf8 28. Ne5 N8d7 29. Nfd3 Ne4 30. Kh2 Nxe5 31. fxe5 Qd8 32. Nf4 Rf8 33.
Rfg1 Qe8 34. Qe2 Rf5 35. Qg4 Rg5 36. Qf3 Rxg2+ {Grachev,B (2683)-Berkes,F 
(2687) Denizli 2013 1-0 (66)}) 7... O-O 8. Rc1 c6 9. Ng3 Bg6 (9... Be6) 10. h4
{91} h6 (10... h5 $143 ) 11. h5 Bh7 12. Bd3 {Le plan des Blancs
ressemble beaucoup à celui de la variante Bf5 de la Caro-Kann} Bxd3 13. Qxd3
Bd6 14. Bxd6 Qxd6 15. Nf5 $14 {[%cal Gf5d6,Gf5g7,Gf5h6] 91} Qe6 16. f3 {
[%cal Ge3e4] Mène à une Caro-Kann "améliorée" puisque les Blancs peuvent
conserver un P au centre après l'échange de4} Nbd7 17. Kf2 {89 Le GMI
continue de jouer à tempo mais il ne s'agissait pas d'une préparation
puisqu'il s'agissait d'une première ronde.} c5 $146 (17... Ne8 18. g4 Nd6 19.
Rcg1 Rae8 20. Nxd6 Qxd6 21. g5 Kh8 22. Ne2 c5 23. gxh6 gxh6 24. dxc5 Qxc5 25.
Rc1 Qd6 26. Qd4+ Nf6 27. Nc3 Qe5 28. Rcd1 Rg8 29. Qxe5 Rxe5 30. Rd4 Rge8 31.
Rd3 Kg7 32. b3 Rc8 33. a4 a6 34. f4 Re7 35. Kf3 Rc6 36. Rg1+ Kf8 37. Nxd5 Rd7
38. Rgd1 Nxh5 39. e4 Nf6 40. Nxf6 Rxd3+ 41. Rxd3 Rxf6 42. e5 Rb6 43. Kg4 Ke7
44. Kf5 Rb4 45. Rc3 Kd7 46. Rd3+ Ke7 47. Rc3 {Kharitonov,A (2552)-Rychagov,A 
(2568) Moscow 2010 1/2-1/2}) 18. g4 $5 {86} cxd4 $6 {Un coup naturel mais qui
permet la centralisation de la Q Blanche et la partie semble basculer avec
cette petite faute.} (18... c4 $142 19. Qd2 a6 $132 ) 19.
Qxd4 Ne5 20. Nb5 $14 {[%cal Gb5c7,Gb5a7,Gc1c7] 74} Nc6 21. Rxc6 $1 {52} bxc6
22. Nc7 c5 23. Nxe6 cxd4 24. Nxf8 dxe3+ 25. Kxe3 {52} Kxf8 {La finale est
difficile pour l'allemand car les Blancs vont centraliser le K et le Nf5 fait
pression sur les faiblesses de l'aile-roi} 26. Rc1 $36 Ne8 27. Kd4 {[%csl Ga2,
Ra7,Ra8,Gb2,Gc1,Rc7,Gd4,Re8,Gf5,Rf8,Rg7,Rh6] C'est presque perdant pour les
Noirs qui sont ligotés} Rd8 28. b4 $40 (28. Rc6 $5 {[%csl
Gd6] Les Noirs sont proches du zugzwang} Nf6 29. Nxh6) 28... Rd7 $6 29. Rc8 $1
$18 f6 30. b5 Kf7 31. Kc5 Rc7+ 32. Rxc7+ Nxc7 33. a4 (33.
Kc6) 33... g6 34. Nd6+ Kg7 35. a5 f5 36. Kc6 fxg4 37. fxg4 Ne6 38. Kxd5 1-0

[Event "FRA-ch 58 Championnat"]
[Site "Belfort"]
[Date "1983.08.21"]
[Round "9"]
[White "Goldenberg, Richard"]
[Black "Seret, Jean Luc"]
[Result "0-1"]
[ECO "D35"]
[WhiteElo "2325"]
[BlackElo "2375"]
[Annotator "Primel,D"]
[PlyCount "113"]
[EventDate "1983.08.12"]
[EventType "tourn"]
[EventRounds "15"]
[EventCountry "FRA"]
[EventCategory "2"]
[SourceTitle "EXT 2016"]
[Source "ChessBase"]
[SourceDate "2015.10.08"]
[SourceVersion "1"]
[SourceVersionDate "2015.10.08"]
[SourceQuality "1"]
[TimeControl "40/9000:16/5400:0"]

1. d4 d5 2. c4 e6 3. Nc3 Nf6 4. cxd5 exd5 5. Bg5 Be7 6. e3 c6 7. Qc2 O-O 8. Nf3
Bg4 9. Bd3 Nbd7 10. Bf4 $146 (10. Ne5 h6 11. Bxf6 Nxf6 12. f3 Be6 13. O-O Nd7
14. f4 Nxe5 15. dxe5 f5 16. Kh1 Qd7 17. g4 h5 18. gxf5 Bxf5 19. Ne2 Bg4 20. f5
Rae8 21. e6 Qd6 22. Ng3 Qe5 23. Rae1 Bb4 24. Rc1 Qxe3 {Mubarak,W-Perez,A/
Caracas 1976/EXT 2000/1-0 (35)}) 10... Re8 11. h4 Bxf3 12. gxf3 Nf8 13. O-O-O
a5 14. Kb1 Nh5 {Début reconstitué d'après la position du 15ème coup.} 15. Bg5
f6 16. Rdg1 $3 fxg5 17. Bxh7+ $3 Nxh7 18. hxg5 Qd6 $8 19. Rxh5
g6 20. Rh6 Kg7 21. f4 Qe6 22. Rgh1 $40 Rh8 23. f3 $2 (23. e4 $1
dxe4 24. Nxe4 Qf5 (24... Rae8 25. d5 $3 cxd5 26. Qc3+) 25. f3 $1
Qxf4 26. d5 $3 {[%csl Rg7] Le K noir est très exposé} Nxg5 27. Qc3+ Bf6 28.
Nxf6 Qxf6 29. Qxf6+ Kxf6 30. Rxh8 Rxh8 31. Rxh8 cxd5 32. Kc2 {[%cal Gc2d3]
Avec une finale très favorable aux blancs}) 23... Qf5 $1 24. Qxf5 gxf5 25. Ne2 Bxg5 $1 26. fxg5 Nxg5 27. Rxh8 Rxh8 28. Rxh8 (28. Rg1 Kf6)
28... Kxh8 {Avec gain des noirs en finale.} 29. Ng3 f4 30. exf4 Nxf3 31. Ne2
Kg7 32. Kc2 Kf6 33. Kd3 Kf5 34. Ke3 Nh4 35. a3 Kg4 36. b4 Ng2+ 37. Kd2 Nxf4 38.
Nc3 axb4 39. axb4 b5 40. Ke3 Ng2+ 41. Kf2 Nh4 42. Ke3 Kf5 43. Nb1 Ng2+ 44. Kd3
Kf4 45. Nd2 Ne1+ 46. Kc3 Nf3 47. Nf1 Ng5 48. Kd3 Ne4 49. Ne3 Nf2+ 50. Ke2 Ng4
51. Nc2 Ke4 52. Kd2 Nh2 53. Kc3 Nf3 54. Na3 Nxd4 55. Nb1 Nf3 56. Kc2 d4 57. Kd1
0-1

[Event "Sautron op 14th"]
[Site "Sautron"]
[Date "2014.10.26"]
[Round "2"]
[White "Nguyen, Chi Minh"]
[Black "Koziak, Vitali"]
[Result "1/2-1/2"]
[ECO "D35"]
[WhiteElo "2343"]
[BlackElo "2456"]
[Annotator "RR"]
[PlyCount "52"]
[EventDate "2014.10.26"]
[EventType "swiss"]
[EventRounds "9"]
[EventCountry "FRA"]
[SourceTitle "EXT 2015"]
[Source "ChessBase"]
[SourceDate "2014.11.20"]
[SourceVersion "1"]
[SourceVersionDate "2014.11.20"]
[SourceQuality "1"]
[TimeControl "40/5400+30:1800+30"]

1. d4 {[%emt 0:00:00] Les MI sont appariés ensemble dès la ronde 2} d5 2. c4 e6 3. Nc3 Nf6 4. cxd5 exd5 5. Bg5 c6 6. e3 Bf5 7. Qf3 $5 Be6 (7... Bg6 {La grande ligne
donne une finale favorable aux Blancs} 8. Bxf6 Qxf6 9. Qxf6 gxf6 10. h4 $14 {
Mamedyarov,S (2765)-Bruzon Batista,L (2673) Baku op-A 2011 (9) 1/2}) 8. Bxf6 Qxf6 9. Qxf6 gxf6 10. Bd3 (10. Nf3 Nd7 11. Bd3 Nb6 12. O-O-O Nc8 13. Ne2
Nd6 14. Ng3 Be7 15. Nh4 Kd7 16. Nhf5 Nxf5 17. Nxf5 Bf8 18. h4 Rg8 19. Rhg1 Kc7
20. Kd2 b6 21. Ng3 Bb4+ 22. Kc1 Bd6 23. Nh5 Bh2 24. Nxf6 Bxg1 25. Rxg1 Rg7 26.
g4 h6 27. f4 Rh8 28. f5 Bc8 29. Rf1 Kd6 30. Rf4 c5 31. Bb5 cxd4 32. exd4 Ke7
33. Nxd5+ Kd8 34. Nf6 Bb7 35. d5 a6 36. Ba4 b5 37. Bb3 Kc7 38. Kd2 Kd6 39. Ke3
Ke5 {Grachev,B (2680)-Bezgodov,A (2508) Tyumen 2012 1-0 (67)}) 10... Nd7 11. Nge2 (11. Nf3 Nb6 12.
O-O-O $14 {Karpov,A (2725)-Vaganian,R (2625) URS-ch55 Moscow 1988 (15) 1/2})
11... Bd6 12. f3 Nb6 $11 (12... f5 13. Kf2 h5 14. h4 O-O-O 15.
Rac1 Kb8 16. Na4 Rc8 17. Nc5 b6 18. Nxd7+ Bxd7 19. f4 Rcg8 20. Ng3 Rg4 21. Be2
Rg6 22. Bf3 Be7 23. a3 a5 24. Rh3 Rgh6 25. Rc2 Bc8 26. Be2 Rg8 27. Rc1 Bd7 28.
Nxh5 c5 29. Bf3 Be6 30. Ke2 c4 31. a4 b5 32. axb5 Ka7 33. Kd2 Kb6 34. Kc2 a4
35. Ng3 Rxh4 36. Rxh4 Bxh4 37. Ne2 a3 38. bxa3 Ra8 39. Ra1 Kxb5 40. Nc3+ Kc6
41. a4 Bf2 42. Kd2 {Braun,A (2480)-Reuss,A (2356) Germany 2005 1-0 (62)}) 13.
Kf2 (13. e4) 13... Ke7 14. h4 a5 15. a4 (15. e4 Rag8) 15... Rag8 16. Nf4 h6 17. Rhc1 Rd8 18. Nce2 Nc8 19.
g4 Bc7 20. Ng3 $1 Nd6 $1 {[%emt 0:00:36] Ce fort Nd6 tient la position Noire et malgré
l'avantage d'espace et la meilleure scructure, les Blancs ont du mal à
progresser} 21. Rc3 Rhg8 22. Rac1 Bb6 23. Bh7 (23. Rb3 $5 Bc7 24. Nf5+
Bxf5 25. Bxf5 $14 ) 23... Rh8 24. Bf5 Rhg8 25. Bh7 Rh8 26. Bd3 Rhg8 1/2-1/2